 Dungeon Crawl Stone Soup version 0.28-a0-998-gb9e9c7b67e (webtiles) character file.

Game seed: 9971932575236389962

2 vurker the Gusty (level 1, -1/7 HPs)
             Began as a Felid Air Elementalist on Dec 5, 2021.
             Slain by a goblin (4 damage)
             ... on level 1 of the Dungeon.
             The game lasted 00:00:07 (169 turns).

vurker the Gusty (Felid Air Elementalist)            Turns: 169, Time: 00:00:08

Health: -1/7       AC:  1    Str:  4    XL:     1   Next: 33%
Magic:  0/4        EV: 17    Int: 16    God:
Gold:   0          SH:  0    Dex: 16    Spells: 3/4 levels left
                                        Lives:  0   Deaths: 0

rFire   . . .      SeeInvis +   (weapon unavailable)
rCold   . . .      Faith    .   (shield unavailable)
rNeg    . . .      Spirit   .   (armour unavailable)
rPois   .          Reflect  .   (helmet unavailable)
rElec   .          Harm     .   (cloak unavailable)
rCorr   .          Rampage  .   (gloves unavailable)
Will    .....                   (boots unavailable)
Stlth   ++........              (no amulet)
HPRegen 0.02/turn               (no ring)
MPRegen 0.09/turn               (no ring)

@: very slightly contaminated, quick
A: very small, claws 1, fangs 3, see invisible, speed 1, shaggy fur 1, stealthy
paws, no weapons or thrown items, no armour, multi-lived
a: no special abilities


You were on level 1 of the Dungeon.
You visited 1 branch of the dungeon, and saw 1 of its levels.

You aren't carrying anything.


   Skills:
 + Level 0.1 Fighting
 - Level 2.6 Dodging
 - Level 2.6 Stealth
 * Level 2.0 Spellcasting
 + Level 0.9 Conjurations
 * Level 2.7 Air Magic


You had 3 spell levels left.
You knew the following spells:

 Your Spells              Type           Power      Damage    Failure   Level
a - Shock                 Conj/Air       28%        1d4       10%         1

Your spell library contained the following spells:

 Spells                   Type           Power      Damage    Failure   Level
 Static Discharge         Conj/Air       7%         N/A       14%         2
 Swiftness                Air            10%        N/A       21%         3
 Airstrike                Air            5%         N/A       54%         4


Dungeon Overview and Level Annotations

Branches:
Dungeon (1/15)

Altars:


Innate Abilities, Weirdness & Mutations

You have sharp claws.
You have razor-sharp teeth.
You have supernaturally acute eyesight. (SInv)
You cover ground quickly. (Speed+)
You are covered in fur. (AC +1)
Your paws help you pounce on unaware monsters.
You are incapable of wielding weapons or throwing items.
You cannot wear armour.
You gain extra lives every three experience levels.


Message History

You kill the frilled lizard!
You see here a frilled lizard corpse.
Found 13 stones.
You can't see any susceptible monsters within range! (Use Z to cast anyway.)
You see here 13 stones.
A hobgoblin comes into view.
The hobgoblin shouts!
Aim: a hobgoblin (68% to hit)
The zap hits the hobgoblin.
A hobgoblin is nearby!
Aim: a hobgoblin (severely wounded, 68% to hit)
The zap hits the hobgoblin.
You kill the hobgoblin!
Found a robe.
You see here a hobgoblin corpse.
You can't see any susceptible monsters within range! (Use Z to cast anyway.)
A bat and a goblin come into view.
Aim: a bat (52% to hit)
The zap hits the bat.
A bat is nearby!
Aim: a bat (severely wounded, 52% to hit)
The zap hits the bat.
You kill the bat!
You see here a bat corpse.
A goblin is nearby!
Aim: a goblin, wielding a +0 dagger and wearing a +3 ring mail (wandering, hasn't noticed you, 64% to hit)
The zap hits the goblin.
A goblin is nearby!
Aim: a goblin, wielding a +0 dagger and wearing a +3 ring mail (moderately wounded, 64% to hit)
The zap hits the goblin but does no damage.
A goblin is nearby!
Aim: a goblin, wielding a +0 dagger and wearing a +3 ring mail (moderately wounded, 64% to hit)
You miscast Shock.
You are very lightly contaminated with residual magic.
Nothing appears to happen.
A goblin is nearby!
Aim: a goblin, wielding a +0 dagger and wearing a +3 ring mail (moderately wounded, 64% to hit)
The zap hits the goblin.
A goblin is nearby!
You don't have enough magic to cast this spell.
You don't have enough magic to cast this spell.
You barely miss the goblin. You bite the goblin, but do no damage.
The goblin misses you.
You scratch the goblin but do no damage.
The goblin hits you with a +0 dagger.
Ouch! That really hurt!
* * * LOW HITPOINT WARNING * * *
You closely miss the goblin. The goblin hits you with a +0 dagger.
Ouch! That really hurt!
You die...

### ### # #.. ... ###### #.#
#.. .....# #.# #.# ####.# #.#
#.# # #.# #.# #.#
###†######.####g# #..#
#.........†....@# 8.8#
#.#.....[..###### #..#
#.########## ##..# ##.#
##...## .
#...#################.....##..
..............................
.....#######.#.####...........
##.##†.......#.# ##.......##
.###.################.########


You could see a goblin.

Vanquished Creatures
  A hobgoblin (D:1)
  A bat (D:1)
  A frilled lizard (D:1)
3 creatures vanquished.

Notes
Turn   | Place    | Note
-------+----------+-------------------------------------------
     0 | D:1      | vurker the Felid Air Elementalist began the quest for the
                  | Orb.
     0 | D:1      | Reached XP level 1. HP: 7/7 MP: 4/4
   169 | D:1      | Slain by a goblin

Illustrated notes

Levels and vault maps discovered:
D:1:      matt_arrival_grand_opening, layout_loops_ring,
          shapermc_ecumenical_altar_petra, chequers_decorated_corner

Action                   || total
-------------------------++-------
Melee: Unarmed           ||     3
       Bite              ||     1
 Cast: Shock             ||     8
Dodge: Dodged            ||     1

Table legend: (Time is in decaauts)
 A = Elapsed time spent in this place.
 B = Non-inter-level travel time spent in this place.
 C = Inter-level travel time spent in this place.
 D = Time resting spent in this place.
 E = Time spent auto-exploring this place.
 F = Levels seen in this place.
 G = Mean time per level.
                   A        B        C        D        E       F      G
               +--------+--------+--------+--------+--------+-----+--------+
         Total |    147 |    147 |      0 |      0 |    131 |   1 |  147.0 |
       Dungeon |    147 |    147 |      0 |      0 |    131 |   1 |  147.0 |
               +--------+--------+--------+--------+--------+-----+--------+

Top non-repeatable levels by time:
     D:1: 147 daAuts
